 Dungeon Crawl Stone Soup version 0.23.2-33-g5129a83 (webtiles) character file.

Game seed: 5086367083762680274

614472 Reefis the Grand Master (level 27, -9/161 HPs)
             Began as a Kobold Monk on July 21, 2019.
             Was the Champion of Dithmenos.
             Mangled by an Orb Guardian (30 damage)
             ... on level 5 of the Realm of Zot.
             The game lasted 05:58:03 (95301 turns).

Reefis the Grand Master (Kobold Monk)              Turns: 95301, Time: 05:58:05

Health: -9/161     AC: 18    Str:  4    XL:     27
Magic:  0/29       EV: 17    Int: 15    God:    Dithmenos [******]
Gold:   1471       SH:  0    Dex: 29    Spells: 26/26 levels left

rFire    + + .     SeeInvis .     - Unarmed
rCold    + + .     Gourm    .   U - +2 buckler {AC+3}
rNeg     + . .     Faith    .   B - +3 faerie dragon scales {rCorr Slay+3}
rPois    +         Spirit   +   A - +0 hat "Oluir" {*Slow rN+ Dex+6}
rElec    +         Reflect  +   i - scarf {Spirit}
rCorr    +         Harm     .   a - +2 pair of gloves
MR       +++..                  s - +2 pair of boots {Stlth+}
Stlth    ++++++++++             J - +6 amulet of reflection
HPRegen  0.36/turn              p - ring of protection from fire
MPRegen  0.21/turn              R - +5 ring of slaying

@: about to teleport, resistant, very slightly contaminated, held, wreathed by
umbra, invisible
A: small, slimy green scales 1, carnivore, clumsy 2, cold resistance 1, deformed
body, frail 1, low mp 1, magic resistance 1, poison resistance, weak 2
}: 3/15 runes: decaying, serpentine, slimy
a: Shadow Step, Shadow Form, Renounce Religion


You were on level 5 of the Realm of Zot.
You worshipped Dithmenos.
Dithmenos was exalted by your worship.
You were very full.

You visited 10 branches of the dungeon, and saw 53 of its levels.
You also visited: Ice Cave.

You collected 7557 gold pieces.
You spent 6086 gold pieces at shops.

Inventory:

Missiles
 H - 5 throwing nets
Armour
 a - a +2 pair of gloves (worn)
 i - a scarf of spirit shield (worn)
 s - a +2 pair of boots of stealth (worn)
 A - the +0 hat "Oluir" (worn) {*Slow rN+ Dex+6}
   (You acquired it on level 15 of the Dungeon)

   It affects your dexterity (+6).
   It protects you from negative energy.
   It may slow you when you take damage.
 B - the +3 faerie dragon scales (worn) {rCorr Slay+3}
   (You took it off the Enchantress on level 4 of the Depths)

   It affects your accuracy and damage with ranged weapons and melee attacks
   (+3).
   It provides partial protection from all sources of acid and corrosion.
 U - a +2 buckler of protection (worn)
Jewellery
 o - a +4 ring of evasion
 p - a ring of protection from fire (left hand)
 q - the ring "Nooz" {Fire *Contam Dex+4 SInv}
   (You took it off a deep elf master archer on level 3 of the Elven Halls)

   [ring of fire]

   It enhances your fire magic.
   It affects your dexterity (+4).
   It protects you from fire.
   It makes you vulnerable to cold.
   It lets you see invisible.
   It causes magical contamination when unequipped.
 D - an uncursed ring of protection from cold
 J - a +6 amulet of reflection (around neck)
 R - a +5 ring of slaying (right hand)
Wands
 f - a wand of digging (7)
 l - a wand of enslavement (14)
 v - a wand of iceblast (39)
 w - a wand of clouds (11)
 y - a wand of flame (76)
 M - a wand of disintegration (8)
 N - a wand of paralysis (26)
 S - a wand of scattershot (3)
 Y - a wand of acid (19)
Scrolls
 g - 26 scrolls of remove curse
 h - 6 scrolls of fog
 j - 4 scrolls of holy word
 m - 4 scrolls of teleportation
 r - 10 scrolls of magic mapping
 K - 2 scrolls of silence
 L - 15 scrolls of identify
 X - 6 scrolls of fear
 Z - a scroll of enchant armour
Potions
 d - 5 potions of might
 e - 5 potions of resistance
 k - 14 potions of flight
 n - 12 potions of curing
 t - 8 potions of cancellation
 x - 7 potions of berserk rage
 z - 4 potions of magic
 F - 4 potions of invisibility
 G - 2 potions of mutation
 O - 3 potions of haste
 P - 2 potions of agility
 T - 2 potions of ambrosia
Miscellaneous
 c - a lightning rod (4/4)
 E - a phantom mirror
 V - 3 boxes of beasts
Comestibles
 b - 63 rations


   Skills:
 - Level 20.2 Fighting
 - Level 3.2 Armour
 - Level 22.4 Dodging
 O Level 27 Stealth
 - Level 10.8 Shields
 O Level 27 Unarmed Combat
 + Level 13.5 Invocations
 - Level 6.1 Evocations


You had 26 spell levels left.
You didn't know any spells.
Your spell library contained the following spells:

 Spells                   Type           Power        Failure   Level  Hunger
 Animate Skeleton         Necr           N/A          54%         1    ##.....
 Apportation              Tloc           #.....       54%         1    ##.....
 Beastly Appendage        Tmut           #.....       54%         1    ##.....
 Confusing Touch          Hex            #.....       54%         1    ##.....
 Corona                   Hex            #......      54%         1    ##.....
 Infusion                 Chrm           #...         54%         1    ##.....
 Magic Dart               Conj           #...         54%         1    ##.....
 Shock                    Conj/Air       #...         54%         1    ##.....
 Sting                    Conj/Pois      #...         54%         1    ##.....
 Summon Butterflies       Summ           #.......     54%         1    ##.....
 Summon Small Mammal      Summ           #...         54%         1    ##.....
 Blink                    Tloc           N/A          67%         2    ###....
 Call Imp                 Summ           #.......     67%         2    ###....
 Corpse Rot               Necr           N/A          67%         2    ###....
 Passwall                 Tmut/Erth      #.......     67%         2    ###....
 Poisonous Vapours        Pois/Air       #.....       67%         2    ###....
 Searing Ray              Conj           #.....       67%         2    ###....
 Shroud of Golubria       Chrm/Tloc      #.........   67%         2    ###....
 Slow                     Hex            #.......     67%         2    ###....
 Song of Slaying          Chrm           #.......     67%         2    ###....
 Sticks to Snakes         Tmut           #.......     67%         2    ###....
 Swiftness                Chrm/Air       #.......     67%         2    ###....
 Call Canine Familiar     Summ           #.......     88%         3    ####...
 Confuse                  Hex            #.......     88%         3    ####...
 Conjure Flame            Conj/Fire      #.......     88%         3    ####...
 Gell's Gravitas          Tloc           #.........   88%         3    ####...
 Inner Flame              Hex/Fire       #.......     88%         3    ####...
 Lesser Beckoning         Tloc           #.........   88%         3    ####...
 Mephitic Cloud           Conj/Pois/Air  #.......     88%         3    ####...
 Portal Projectile        Hex/Tloc       #.....       88%         3    ####...
 Recall                   Summ/Tloc      N/A          88%         3    ####...
 Regeneration             Chrm/Necr      #.........   88%         3    ####...
 Spectral Weapon          Hex/Chrm       #.......     88%         3    ####...
 Spider Form              Tmut/Pois      #.........   88%         3    ####...
 Static Discharge         Conj/Air       #.......     88%         3    ####...
 Stone Arrow              Conj/Erth      #.....       88%         3    ####...
 Summon Guardian Golem    Hex/Summ       #.......     88%         3    ####...
 Tukima's Dance           Hex            #.......     88%         3    ####...
 Vampiric Draining        Necr           #.........   88%         3    ####...
 Airstrike                Air            #.........   99%         4    #####..
 Cause Fear               Hex            #.........   99%         4    #####..
 Fulminant Prism          Conj/Hex       #.........   99%         4    #####..
 Ice Form                 Ice/Tmut       #.......     99%         4    #####..
 Leda's Liquefaction      Hex/Erth       #.........   99%         4    #####..
 Olgreb's Toxic Radiance  Pois           #.......     99%         4    #####..
 Passage of Golubria      Tloc           N/A          99%         4    #####..
 Petrify                  Tmut/Erth      #.......     99%         4    #####..
 Summon Ice Beast         Ice/Summ       #.......     99%         4    #####..
 Summon Lightning Spire   Summ/Air       #.......     99%         4    #####..
 Alistair's Intoxication  Tmut/Pois      #.......     100%        5    ######.
 Aura of Abjuration       Summ           #.........   100%        5    ######.
 Bolt of Magma            Conj/Fire/Erth #.........   100%        5    ######.
 Excruciating Wounds      Chrm/Necr      #.........   100%        5    ######.
 Fireball                 Conj/Fire      #.........   100%        5    ######.
 Lee's Rapid Deconstruct  Erth           #.........   100%        5    ######.
 Lightning Bolt           Conj/Air       #.........   100%        5    ######.
 Metabolic Englaciation   Hex/Ice        #.........   100%        5    ######.
 Silence                  Hex/Air        #.........   100%        5    ######.
 Summon Demon             Summ           #.........   100%        5    ######.
 Summon Forest            Summ/Tloc      #.........   100%        5    ######.
 Summon Mana Viper        Hex/Summ       #.......     100%        5    ######.
 Venom Bolt               Conj/Pois      #.........   100%        5    ######.
 Yara's Violent Unravell  Hex/Tmut       #.........   100%        5    ######.
 Bolt of Cold             Conj/Ice       #.........   100%        6    #######
 Bolt of Fire             Conj/Fire      #.........   100%        6    #######
 Darkness                 Hex            #.........   100%        6    #######
 Deflect Missiles         Chrm/Air       #.........   100%        6    #######
 Freezing Cloud           Conj/Ice/Air   #.........   100%        6    #######
 Hydra Form               Tmut           #.........   100%        6    #######
 Invisibility             Hex            #.......     100%        6    #######
 Iron Shot                Conj/Erth      #.........   100%        6    #######
 Ozocubu's Refrigeration  Ice            #.........   100%        6    #######
 Poison Arrow             Conj/Pois      #.........   100%        6    #######
 Shadow Creatures         Summ           N/A          100%        6    #######
 Simulacrum               Ice/Necr       #.........   100%        6    #######
 Statue Form              Tmut/Erth      #........    100%        6    #######
 Ring of Flames           Chrm/Fire      #.........   100%        7    #######
 Summon Hydra             Summ           #.........   100%        7    #######
 Chain Lightning          Conj/Air       #.........   100%        8    #######
 Discord                  Hex            #.........   100%        8    #######
 Ignition                 Fire           #.........   100%        8    #######
 Lehudib's Crystal Spear  Conj/Erth      #.........   100%        8    #######
 Fire Storm               Conj/Fire      #.........   100%        9    #######
 Glaciate                 Conj/Ice       #.........   100%        9    #######
 Shatter                  Erth           #.........   100%        9    #######
 Tornado                  Air            #.........   100%        9    #######


Dungeon Overview and Level Annotations

Branches:
Dungeon (15/15)            Temple (0/1) D:5            Lair (6/6) D:11
  Swamp (4/4) Lair:4        Snake (4/4) Lair:4        Slime (5/5) Lair:6
    Orc (2/2) D:11            Elf (3/3) Orc:2        Vaults (4/5) D:14
  Crypt (0/3) Vaults:3     Depths (5/5) D:15            Zot (5/5) Depths:5

Altars:
Ashenzari
Cheibriados
Dithmenos
Elyvilon
Fedhas
Gozag
Nemelex Xobeh
Okawaru
Qazlal
Ru
Sif Muna
Trog
Vehumet
Wu Jian
Yredelemnul
Zin
The Shining One
Jiyva
Lugonu

Shops:
D:5 *   D:13 !   D:14 (   Orc:2 *(!:(   Elf:3 [   Snake:2 ==   Snake:3 %
Vaults:2 [(   Vaults:3 (   Depths:1 (   Depths:2 !}   Depths:3 }=}

Portals:
Hell: Depths:1 Depths:2 Depths:3 Depths:4 Depths:5
Abyss: Depths:4 Depths:5
Pandemonium: Depths:3 Depths:4 Depths:5
Ziggurat: Depths:2

Annotations:
D:2 Sigmund
D:5 exclusion: statue
D:14 exclusion: obsidian statue
Lair:1 2 runed translucent doors, Uzeprotekshun's ghost, journeyman HuCj
Lair:2 1 runed translucent door, Morgon's ghost, journeyman DsMo
Orc:1 1 runed translucent door, Myshaaph's ghost, journeyman OgMo
Zot:3 2 transporters
Zot:4 3 runed translucent doors, exclusion: obsidian statue, mortress's ghost, legendary GrEE


Innate Abilities, Weirdness & Mutations

You are small and have problems with some larger weapons.
You are carnivorous and can eat meat at any time.
You are partially covered in slimy green scales. (AC +2)
You are very clumsy. (Dex -4)
Your flesh is cold resistant. (rC+)
Armour fits poorly on your strangely shaped body.
You are frail. (-10% HP)
Your magical capacity is low. (-10% MP)
You are resistant to hostile enchantments. (MR+)
Your system is resistant to poisons. (rPois)
You are very weak. (Str -4)


Message History

An Orb Guardian comes into view.
You block the Orb Guardian's attack. The Orb Guardian drops a net on you.
A large net falls onto you!
You become entangled in the net!
A moth of wrath comes into view.
The Orb Guardian misses you.
An Orb Guardian comes into view.
The Orb Guardian barely misses you.
The Orb Guardian moves out of view.
You see here a throwing net.
You struggle against the net.
The Orb Guardian hits you!
* * * LOW HITPOINT WARNING * * *
The Orb Guardian hits you!!
* * * LOW HITPOINT WARNING * * *
The golden dragon closely misses you. The golden dragon barely misses you.
The golden dragon tramples you but does no damage.
You feel better.
The Killer Klown laughs merrily.
The Orb Guardian hits you.
* * * LOW HITPOINT WARNING * * *
The Orb Guardian completely misses you. The Orb Guardian hits you!!
You die...

▓▓▓▓............
##▓............^.8 .##
##................. ..#
▓▓▓ #..................
..▓ ...▓
▓................^. ..▓
....▓▓................p.
..▓X
X....▓.......p..^.......
...^
....y.X.X.....(.........
..▓ ▓X@*..............X
.§▓ ▓.*X...............
..▓ ▓..DD..............
..▓ ▓...^.......p.....L
.▓▓ ▓▓.../.............
▓▓ ▓▓▓..............
▓▓▓▓..........
▓▓▓▓▓▓▓▓▓▓


You could see 2 orbs of fire, a Killer Klown, a golden dragon, 5 Orb Guardians,
a moth of wrath (wandering) and a friendly golden dragon.

Vanquished Creatures
  the Royal Jelly (Slime:5)
  Mara (Elf:3)
  A juggernaut (Depths:5)
  An ancient lich (Zot:5)
  Sojobo (Vaults:3)
  Margery (Vaults:3)
  A Killer Klown (Zot:4)
  Frederick (Depths:2)
  A caustic shrike (Depths:4)
  2 curse toes
  12 golden dragons
  Jory (Vaults:3)
  the Enchantress (Depths:4)
  Nikola (Swamp:1)
  A bone dragon (Depths:5)
  2 electric golems (Zot:1)
  5 liches
  Jorgrun (Orc:2)
  Rupert (Orc:1)
  Asterion (Snake:2)
  11 Orb Guardians
  12 tentacled monstrosities
  5 quicksilver dragons
  An Ice Fiend (IceCv)
  2 titans
  3 deep elf blademasters
  27 acid blobs
  2 deep elf master archers (Elf:3)
  2 sphinxes
  Gastronok (D:12)
  8 death cobs
  The ghost of Kyfaowk the Unseen, an adept SpEn of Gozag (Depths:5)
  Agnes (Snake:1)
  Kirke (Lair:4)
  6 thorn hunters
  16 storm dragons
  5 tengu reavers
  Frances (D:13)
  8 shadow dragons
  17 azure jellies
  5 nagarajas (Snake:4)
  6 fire giants
  4 iron dragons
  5 draconian monks
  8 frost giants
  The ghost of elan the Carver, an adept VSGl of Cheibriados (Snake:4)
  2 ghost moths
  6 draconian knights
  3 vault wardens
  Aizul (Orc:2)
  A curse skull (Vaults:3)
  6 draconian shifters
  3 deep elf elementalists (Elf:3)
  4 deep elf sorcerers
  2 draconian stormcallers
  6 draconian scorchers
  20 stone giants
  3 draconian annihilators
  4 spriggan defenders
  8 ironheart preservers
  5 vampire knights
  5 entropy weavers
  10 deep elf demonologists
  5 white draconians
  23 very ugly things
  9 green draconians
  7 black draconians
  6 purple draconians
  15 yellow draconians
  Azrael (Snake:3)
  8 deep elf annihilators
  9 spark wasps
  11 red draconians
  12 ettins
  8 deep elf death magi
  12 death oozes
  A mummy priest (Elf:3)
  14 fire dragons
  A jiangshi (Vaults:3)
  Josephine (Lair:5)
  Snorg (Orc:1)
  Erolcha (Orc:1)
  4 deep elf high priests
  10 great orbs of eyes
  16 yaktaur captains
  9 rakshasas
  25 naga warriors
  Harold (D:10)
  2 ghost crabs (Swamp:3)
  9 ice dragons
  3 spriggan air magi
  7 vault guards
  15 hydras
  2 shambling mangroves
  4 anacondas
  A hell beast (Depths:5)
  A two-headed ogre (shapeshifter) (Vaults:1)
  14 centaur warriors
  6 alligators
  8 ogre magi
  14 deep troll earth magi
  Erica (D:8)
  25 dancing weapons
  11 tengu warriors
  3 death knights
  34 two-headed ogres
  A queen ant (Lair:5)
  6 deep troll shamans
  2 vampire magi (Elf:3)
  6 orc high priests
  5 spriggan berserkers
  11 naga sharpshooters
  6 shock serpents
  Nergalle (Lair:3)
  28 deep elf knights
  A sun demon (Depths:5)
  7 hell knights
  3 salamander mystics
  A fire crab (Swamp:4)
  11 skeletal warriors
  A sixfirhy (Depths:5)
  A fire crab (shapeshifter) (Vaults:1)
  26 deep trolls
  A storm dragon skeleton (Vaults:2)
  2 sea snakes (Snake:4)
  A death drake (shapeshifter) (Depths:3)
  4 spriggan druids
  5 naga ritualists
  5 flayed ghosts
  4 unseen horrors
  6 wizards
  12 swamp dragons
  4 glowing orange brains
  A lindwurm (Swamp:4)
  12 deep elf archers
  4 harpies (Vaults:4)
  18 orc knights
  12 ironbrand convokers
  A lindwurm (shapeshifter) (Vaults:1)
  7 mana vipers
  An obsidian statue (Snake:4)
  Pikel (D:4)
  2 phantasmal warriors
  8 necromancers
  22 ugly things
  6 shining eyes
  7 orc sorcerers
  64 deep elf magi
  A moth of wrath (shapeshifter) (D:15)
  18 salamanders
  2 manticores (D:15)
  21 moths of wrath
  9 cyclopes
  A rust devil (Depths:5)
  5 wolf spiders
  32 naga magi
  34 black mambas
  Maurice (Orc:2)
  2 ice statues (IceCv)
  A human skeleton (Vaults:2)
  7 eyes of devastation
  A frost giant skeleton (Vaults:2)
  11 elephants
  A gargoyle (D:15)
  13 guardian serpents
  A smoke demon (Depths:5)
  7 vault sentinels
  5 spectral swamp worms (Depths:4)
  17 spiny frogs
  2 kobold demonologists (Elf:3)
  2 efreet
  A yaktaur (shapeshifter) (Elf:2)
  35 yaktaurs
  A rime drake (Lair:4)
  4 komodo dragons
  9 freezing wraiths
  A rime drake (shapeshifter) (Depths:1)
  10 ice devils (IceCv)
  An anaconda simulacrum (IceCv)
  A golden dragon simulacrum (IceCv)
  2 tengu conjurers
  A queen bee (D:12)
  A queen bee (shapeshifter) (Depths:2)
  A jumping spider (shapeshifter) (Depths:1)
  11 trolls
  A meliai (shapeshifter) (Vaults:3)
  9 polar bears (Lair:6)
  2 jumping spiders (Vaults:4)
  2 meliai
  11 tyrant leeches
  A sphinx simulacrum (Vaults:2)
  5 hippogriffs
  163 slime creatures
  15 hornets
  A raiju (Lair:6)
  5 blink frogs (Swamp:1)
  13 bog bodies
  A hippogriff (shapeshifter) (D:13)
  A frost giant simulacrum (Vaults:2)
  8 shadows
  5 air elementals
  A tarantella (Vaults:4)
  4 redbacks
  A tarantella (shapeshifter) (Depths:4)
  3 wyverns
  6 spriggans
  19 humans (D:14)
  6 water elementals
  3 fire bats (Swamp:4)
  34 yaks
  8 wraiths
  5 hogs (Lair:4)
  A dire elephant simulacrum (IceCv)
  4 steam dragons
  4 basilisks
  6 fire elementals
  A human (shapeshifter) (Depths:3)
  7 golden eyes
  A golden eye (shapeshifter) (D:15)
  A hog (shapeshifter) (Depths:3)
  8 hungry ghosts
  Menkaure (D:7)
  3 iron troll simulacra (IceCv)
  54 nagas
  25 vampire mosquitoes
  2 acid dragons (Vaults:2)
  3 harpy simulacra (IceCv)
  14 insubstantial wisps
  10 wargs
  A soldier ant (shapeshifter) (D:10)
  13 swamp worms
  17 hell hounds
  16 soldier ants (Lair:5)
  A floating eye (shapeshifter) (Elf:1)
  23 water moccasins
  4 porcupines
  2 floating eyes (D:15)
  47 orc warriors
  A slave (D:4)
  Duvessa (D:5)
  13 swamp drakes
  An ettin simulacrum (IceCv)
  6 sky beasts
  10 ice beasts
  17 black bears
  6 eyes of draining
  30 wolves
  16 ogres
  A phantom (D:13)
  5 boggarts
  21 centaurs
  11 crocodiles
  3 big kobolds
  5 earth elementals
  A wyvern zombie (D:10)
  18 bullfrogs
  A gnoll sergeant (D:9)
  Blork the orc (D:5)
  Dowan (D:5)
  A scorpion (D:6)
  15 killer bees (D:12)
  9 wights
  3 electric eels
  4 howler monkeys (D:12)
  6 crimson imps
  A bullfrog zombie (D:5)
  2 centaur zombies
  3 quasits
  8 jellies
  21 orc priests
  4 centaur skeletons
  A gnoll shaman (Orc:1)
  7 hounds
  29 orc wizards
  4 bullfrog skeletons
  3 iguanas
  35 worker ants
  A hound zombie (D:8)
  3 hound skeletons
  A howler monkey zombie (D:7)
  Robin (D:3)
  6 gnolls
  A howler monkey skeleton (D:3)
  26 adders
  5 shadow imps
  A white imp (Depths:1)
  3 oozes
  3 adder zombies
  2 worms
  5 dart slugs
  4 leopard geckos
  92 orcs
  6 giant cockroaches
  17 goblins
  15 hobgoblins
  16 jackals
  8 quokkas
  3 ball pythons
  5 bats
  7 frilled lizards
  20 kobolds
  2 leopard gecko skeletons (D:5)
  A quokka skeleton (D:4)
  16 rats
  A fungus (D:11)
  3 plants
2456 creatures vanquished.

Vanquished Creatures (collateral kills)
  2 death oozes (Slime:5)
2 creatures vanquished.

Vanquished Creatures (others)
  A fire giant (Depths:3)
  A very ugly thing (Depths:2)
  A stone giant (Depths:1)
  2 white draconians (Zot:1)
  A red draconian (Zot:1)
  A yaktaur captain (Depths:5)
  Fannar (D:11)
  A hydra (Swamp:4)
  A deep elf knight (Vaults:2)
  A shadow wraith (Vaults:3)
  A lindwurm (Swamp:4)
  2 deep elf magi
  A naga mage (Snake:4)
  7 yaktaurs
  A bog body (Lair:4)
  3 slime creatures
  A steam dragon (Swamp:4)
  2 nagas
  A swamp worm (Swamp:4)
  3 swamp drakes (Swamp:4)
  An ogre (Depths:1)
  2 boggarts
  An orc priest (Orc:2)
  2 orc wizards
  An orc (Vaults:3)
  A ball python (D:5)
  A giant cockroach (D:4)
  A quokka (D:5)
  A kobold (D:5)
  8 fungi
  12 plants
64 creatures vanquished.

Grand Total: 2522 creatures vanquished

Notes
Turn   | Place    | Note
-------+----------+-------------------------------------------
     0 | D:1      | Reefis the Kobold Monk began the quest for the Orb.
     0 | D:1      | Reached XP level 1. HP: 14/14 MP: 1/1
   318 | D:1      | Reached XP level 2. HP: 7/19 MP: 2/2
   889 | D:1      | Reached XP level 3. HP: 19/23 MP: 3/3
  1742 | D:1      | Reached XP level 4. HP: 22/29 MP: 2/4
  1880 | D:2      | Found a bloodstained altar of Trog.
  1882 | D:2      | Found an ornate altar of the Wu Jian Council.
  2269 | D:2      | Noticed Sigmund
  3188 | D:2      | Reached XP level 5. HP: 33/33 MP: 5/5
  3195 | D:2      | Found a glowing silver altar of Zin.
  3195 | D:2      | Found an iron altar of Okawaru.
  3195 | D:2      | Found a basalt altar of Yredelemnul.
  3195 | D:2      | Found a shadowy altar of Dithmenos.
  3216 | D:2      | Found a shattered altar of Ashenzari.
  3216 | D:2      | Found a blossoming altar of Fedhas.
  3223 | D:2      | Became a worshipper of Dithmenos the Shadowed
  3223 | D:2      | Reached * piety under Dithmenos
  3223 | D:2      | Reached ** piety under Dithmenos
  3941 | D:3      | Reached XP level 6. HP: 38/39 MP: 6/6
  3986 | D:3      | Reached skill level 5 in Unarmed Combat
  4309 | D:3      | Noticed Robin
  4352 | D:3      | Killed Robin
  4352 | D:3      | Reached skill level 5 in Dodging
  4384 | D:3      | Reached *** piety under Dithmenos
  5025 | D:4      | Noticed an ogre
  5192 | D:4      | Killed an ogre
  5192 | D:4      | Reached skill level 5 in Fighting
  5192 | D:4      | Reached XP level 7. HP: 44/44 MP: 7/7
  5666 | D:4      | Found a glowing golden altar of the Shining One.
  5889 | D:5      | Entered Level 5 of the Dungeon
  5889 | D:5      | Noticed Pikel
  5901 | D:4      | Killed Pikel
  5901 | D:4      | Reached XP level 8. HP: 30/49 MP: 8/8
  6019 | D:5      | Noticed Blork the orc
  6030 | D:5      | Killed Blork the orc
  6267 | D:5      | Found a radiant altar of Vehumet.
  6378 | D:5      | Found Gozag's Platinum Reserve.
  6378 | D:5      | Found an opulent altar of Gozag.
  6463 | D:5      | Found a staircase to the Ecumenical Temple.
  6494 | D:5      | Found a sacrificial altar of Ru.
  6596 | D:5      | Noticed Duvessa
  6596 | D:5      | Noticed Dowan
  6609 | D:5      | Killed Duvessa
  6631 | D:5      | Killed Dowan
  6995 | D:6      | Noticed a two-headed ogre
  7166 | D:6      | Reached XP level 9. HP: 54/54 MP: 9/9
  7209 | D:6      | Reached skill level 10 in Unarmed Combat
  7255 | D:6      | Killed a two-headed ogre
  7321 | D:6      | Noticed a two-headed ogre
  7330 | D:6      | Killed a two-headed ogre
  7330 | D:6      | Reached XP level 10. HP: 10/59 MP: 3/10
  7706 | D:6      | Reached **** piety under Dithmenos
  8589 | D:7      | Noticed Menkaure
  8595 | D:7      | Killed Menkaure
  9668 | D:8      | Reached XP level 11. HP: 56/66 MP: 9/11
  9741 | D:8      | Noticed a cyclops
  9762 | D:8      | Killed a cyclops
  9842 | D:8      | Identified the Almanac of Doomed Enchantment
  9996 | D:8      | Reached ***** piety under Dithmenos
 10243 | D:8      | Found a deep blue altar of Sif Muna.
 10397 | D:8      | Noticed Erica
 10411 | D:8      | Killed Erica
 11600 | D:9      | Found a stormy altar of Qazlal.
 11704 | D:10     | Entered Level 10 of the Dungeon
 12261 | D:10     | Killed an unseen horror
 12439 | D:10     | Killed an unseen horror
 12451 | D:10     | Noticed Harold
 12546 | D:10     | Killed Harold
 12546 | D:10     | Reached XP level 12. HP: 32/75 MP: 5/12
 12849 | D:10     | Noticed a two-headed ogre
 12875 | D:10     | Killed a two-headed ogre
 12892 | D:10     | Reached skill level 15 in Unarmed Combat
 13328 | D:11     | Reached skill level 10 in Dodging
 13699 | D:11     | Found a staircase to the Orcish Mines.
 14091 | D:11     | Found a staircase to the Lair.
 14290 | D:11     | Noticed Fannar
 14338 | D:11     | Killed Fannar
 14823 | Lair:1   | Entered Level 1 of the Lair of Beasts
 14882 | Lair:1   | Found a large runed translucent door.
 14883 | Lair:1   | Found a large runed translucent door.
 14883 | Lair:1   | Noticed Uzeprotekshun's ghost (journeyman HuCj)
 15743 | Lair:2   | Reached ****** piety under Dithmenos
 16006 | Lair:2   | Got a sheer robe
 16034 | Lair:2   | Identified the +1 robe of Qicig {rF+ rC++} (You found it on
                  | level 2 of the Lair of Beasts)
 16110 | Lair:2   | Reached skill level 10 in Fighting
 16257 | Lair:2   | Found a runed translucent door.
 16257 | Lair:2   | Noticed Morgon's ghost (journeyman DsMo)
 16259 | Lair:2   | Noticed a four-headed hydra
 16289 | Lair:2   | Reached XP level 13. HP: 74/82 MP: 10/13
 16832 | Lair:3   | Noticed Nergalle
 16890 | Lair:3   | Killed Nergalle
 17133 | Lair:3   | Identified a scroll of acquirement
 17139 | Lair:3   | Got a crude emerald amulet
 17223 | Lair:3   | Reached skill level 1 in Evocations
 17862 | Lair:4   | Found a staircase to the Snake Pit.
 18567 | Lair:4   | Noticed Kirke
 18599 | Lair:4   | Found a staircase to the Swamp.
 18936 | Lair:4   | Identified the amulet of the Catamount {Faith MR+ Slay-6
                  | SInv} (You acquired it on level 3 of the Lair of Beasts)
 19112 | Lair:4   | Killed Kirke
 20225 | Lair:5   | Noticed an eight-headed hydra
 20268 | Lair:5   | Killed a two-headed hydra
 20484 | Lair:5   | Reached XP level 14. HP: 88/88 MP: 17/17
 20672 | Lair:5   | Reached skill level 5 in Evocations
 20694 | Lair:5   | Noticed Josephine
 20719 | Lair:5   | Killed Josephine
 21139 | Lair:5   | Noticed an entropy weaver
 21195 | Lair:5   | Noticed an entropy weaver
 21335 | Lair:5   | Killed an entropy weaver
 21829 | Lair:5   | Killed an entropy weaver
 22248 | Lair:6   | Entered Level 6 of the Lair of Beasts
 22673 | Lair:6   | Found a staircase to the Slime Pits.
 24670 | Orc:1    | Entered Level 1 of the Orcish Mines
 25112 | D:12     | Reached XP level 15. HP: 88/95 MP: 17/19
 25731 | D:12     | Noticed Gastronok
 25976 | D:12     | Killed Gastronok
 27056 | D:13     | Found Baonam's Distillery.
 27068 | D:13     | Bought a potion of mutation for 120 gold pieces
 27068 | D:13     | Bought a potion of curing for 45 gold pieces
 27327 | D:13     | Gained mutation: You are partially covered in slimy green
                  | scales. (AC +2) [potion of mutation]
 27327 | D:13     | Gained mutation: Your system is resistant to poisons.
                  | (rPois) [potion of mutation]
 27327 | D:13     | Gained mutation: Your flesh is cold resistant. (rC+)
                  | [potion of mutation]
 27327 | D:13     | Gained mutation: You expend magic power (3 MP) to
                  | strengthen your wands. [potion of mutation]
 27351 | D:13     | Noticed Frances
 27363 | D:13     | Killed Frances
 29210 | D:14     | Found a gate to the Vaults.
 29265 | D:14     | Reached skill level 5 in Stealth
 29644 | D:14     | Found Vaic's Weapon Boutique.
 29723 | D:14     | Got a jewelled buckler
 29729 | D:14     | Identified the cursed +0 buckler of the Scribe {rN++ Dex-5}
                  | (You found it on level 14 of the Dungeon)
 29964 | D:14     | Found the +3 warlock's mirror {reflect}
 30370 | D:15     | Entered Level 15 of the Dungeon
 30644 | D:15     | Reached XP level 16. HP: 86/101 MP: 17/20
 31005 | D:15     | Paralysed by a floating eye for 2 turns
 31187 | D:15     | Reached skill level 15 in Dodging
 31191 | D:15     | Got a steaming copper ring
 31361 | D:15     | Identified the ring "Ikergh" {MR+ Str+2} (You found it on
                  | level 15 of the Dungeon)
 31397 | D:15     | Noticed a sphinx
 31419 | D:15     | Killed a sphinx
 31649 | D:15     | Found a white marble altar of Elyvilon.
 31680 | D:15     | Found a staircase to the Depths.
 31681 | D:15     | Noticed a frost giant
 31693 | D:15     | Killed a frost giant
 31891 | D:15     | Got a scorched turquoise ring
 31893 | D:15     | Identified the ring of False Pretenses {rCorr Str+4} (You
                  | found it on level 15 of the Dungeon)
 32296 | D:15     | Got a wavering steel ring
 32450 | D:15     | Identified the ring of Okawaru's Envy {-Tele MP+9 Dex+6}
                  | (You found it on level 15 of the Dungeon)
 32599 | D:15     | Found a sacrificial altar of Ru.
 33016 | D:15     | Reached skill level 1 in Shields
 33148 | D:15     | Found a sparkling altar of Nemelex Xobeh.
 33381 | Orc:1    | Found a runed translucent door.
 33382 | Orc:1    | Noticed Myshaaph's ghost (journeyman OgMo)
 33611 | Orc:1    | Noticed Snorg
 33630 | Orc:1    | Killed Snorg
 33881 | Orc:2    | Entered Level 2 of the Orcish Mines
 33883 | Orc:2    | Noticed Erolcha
 33885 | Orc:2    | Noticed Jorgrun
 33903 | Orc:1    | Killed Erolcha
 34271 | Orc:2    | Noticed Rupert
 34295 | Orc:1    | Killed Rupert
 34648 | Orc:2    | Found Eufeik's Eclectic Emporium.
 34662 | Orc:2    | Reached XP level 17. HP: 100/106 MP: 19/21
 34789 | Orc:2    | Bought a scroll of enchant armour for 105 gold pieces
 34912 | Orc:2    | Killed Jorgrun
 35527 | Orc:2    | Paralysed by an orc sorcerer for 2 turns
 36096 | Orc:2    | Found a staircase to the Elven Halls.
 36194 | Orc:2    | Noticed Maurice
 36219 | Orc:2    | Killed Maurice
 36310 | Orc:2    | Found Furgh's Book Shoppe.
 36310 | Orc:2    | Found Byfer's Weapon Boutique.
 36312 | Orc:2    | Found Tuongoma's Weapon Shoppe.
 36312 | Orc:2    | Found Efalekh's Distillery.
 36321 | Orc:2    | Bought a potion of heal wounds for 50 gold pieces
 36321 | Orc:2    | Bought a potion of heal wounds for 50 gold pieces
 36321 | Orc:2    | Bought a potion of heal wounds for 50 gold pieces
 36321 | Orc:2    | Bought a potion of haste for 100 gold pieces
 36351 | Orc:2    | Bought a potion of experience for 700 gold pieces
 36351 | Orc:2    | Bought a manual of Earth Magic for 1545 gold pieces
 36351 | Orc:2    | Reached XP level 18. HP: 112/112 MP: 22/22
 36558 | Swamp:1  | Entered Level 1 of the Swamp
 37032 | Swamp:1  | Noticed Nikola
 37058 | Swamp:1  | Killed Nikola
 37442 | Swamp:1  | Reached skill level 5 in Shields
 39482 | Swamp:3  | Reached XP level 19. HP: 118/118 MP: 23/23
 39635 | Swamp:3  | Reached skill level 1 in Armour
 40094 | Swamp:4  | Entered Level 4 of the Swamp
 40952 | Swamp:4  | Noticed a tentacled monstrosity
 40968 | Swamp:4  | Killed a tentacled monstrosity
 41543 | Swamp:4  | Got a decaying rune of Zot
 41704 | Snake:1  | Entered Level 1 of the Snake Pit
 41880 | Snake:1  | Noticed Agnes
 41898 | Snake:1  | Killed Agnes
 43208 | Snake:2  | Found Xapes's Jewellery Emporium.
 43210 | Snake:2  | Noticed Asterion
 44294 | Snake:2  | Killed Asterion
 44463 | Snake:2  | Found Gamip's Jewellery Emporium.
 45056 | Snake:3  | Noticed Azrael
 45062 | Snake:3  | Reached XP level 20. HP: 126/126 MP: 24/24
 45084 | Snake:3  | Killed Azrael
 45852 | Snake:3  | Identified the +3 ring mail "Ugauw" {rPois rF+ SInv}
 45853 | Snake:3  | Found Xirrucky's Food Shoppe.
 46186 | Snake:3  | Found the +10 large shield of Ignorance {rN+ Int-4}
 47152 | Snake:4  | Entered Level 4 of the Snake Pit
 47386 | Snake:4  | Found a frozen archway.
 47392 | IceCv    | Entered an ice cave
 47766 | IceCv    | Noticed an Ice Fiend
 47785 | IceCv    | Killed an Ice Fiend
 48223 | Snake:4  | Found a shadowy altar of Dithmenos.
 48854 | Snake:4  | Found a sacrificial altar of Ru.
 51255 | Snake:4  | Reached XP level 21. HP: 91/132 MP: 25/25
 51428 | Snake:4  | Found an opulent altar of Gozag.
 51430 | Snake:4  | Found a runed translucent gate.
 51430 | Snake:4  | Found a runed translucent gate.
 51430 | Snake:4  | Found a runed translucent gate.
 51527 | Snake:4  | Got a serpentine rune of Zot
 51826 | Snake:4  | Noticed elan's ghost (adept VSGl)
 51885 | Snake:4  | Killed elan's ghost
 52719 | Vaults:1 | Entered Level 1 of the Vaults
 54104 | Vaults:1 | Paralysed by a great orb of eyes for 4 turns
 54909 | Vaults:2 | Found Mupoimn's Armour Shoppe.
 55906 | Vaults:2 | Found Giotum's Antique Weapon Emporium.
 56106 | Vaults:2 | Reached XP level 22. HP: 129/138 MP: 23/26
 56704 | Vaults:2 | Found a snail-covered altar of Cheibriados.
 57643 | Vaults:3 | Found Saefoor's Weapon Shoppe.
 57697 | Vaults:3 | Noticed Margery
 57887 | Vaults:3 | Killed Margery
 57887 | Vaults:3 | Noticed Sojobo
 58681 | Vaults:3 | Found a staircase to the Crypt.
 59096 | Vaults:3 | Noticed Jory
 59502 | Snake:2  | Bought a +5 ring of slaying for 1932 gold pieces
 60036 | Vaults:3 | Identified the +10 scimitar of Turmoil {elec, Str+4 Int+2
                  | Dex-3}
 60041 | Vaults:3 | Paralysed by a great orb of eyes for 6 turns
 60178 | Vaults:3 | Killed Sojobo
 60610 | Vaults:3 | Paralysed by a great orb of eyes for 7 turns
 60719 | Vaults:3 | Killed Jory
 61067 | Vaults:4 | Reached XP level 23. HP: 143/143 MP: 27/27
 61683 | Vaults:4 | Reached skill level 1 in Invocations
 62935 | Elf:1    | Entered Level 1 of the Elven Halls
 62935 | Elf:1    | Noticed Aizul
 62976 | Orc:2    | Killed Aizul
 62976 | Orc:2    | Reached skill level 10 in Shields
 63210 | Elf:1    | Found a radiant altar of Vehumet.
 63358 | Elf:1    | Identified Olusm's Almanac of Combat Magic
 64221 | Elf:2    | Reached skill level 5 in Invocations
 64801 | Elf:2    | Found a huge runed translucent gate.
 64801 | Elf:2    | Found a huge runed translucent gate.
 64801 | Elf:2    | Found a huge runed translucent gate.
 64801 | Elf:2    | Found a huge runed translucent gate.
 64801 | Elf:2    | Found a huge runed translucent gate.
 65408 | Elf:2    | Reached skill level 10 in Stealth
 65462 | Elf:2    | Reached XP level 24. HP: 137/149 MP: 26/27
 65671 | Elf:3    | Entered Level 3 of the Elven Halls
 65671 | Elf:3    | Found Qiffo's Armour Shoppe.
 65727 | Elf:3    | Noticed Mara
 65760 | Elf:3    | Killed Mara
 66619 | Elf:3    | Identified the ring of Lies {Wiz *Slow rC- Str+7 Stlth+}
 66710 | Elf:3    | Identified the ring "Nooz" {Fire *Contam Dex+4 SInv}
 67072 | Elf:3    | Found the +10 Black Knight's horse barding {ponderous,
                  | rPois rN+}
 67179 | Elf:3    | Reached skill level 15 in Stealth
 67257 | Elf:3    | Got a brightly glowing helmet
 67264 | Elf:3    | Identified the cursed +0 helmet of the Ten Seas {*Slow
                  | +Blink rCorr Dex-5} (You found it on level 3 of the Elven
                  | Halls)
 67298 | Elf:3    | Identified the Reference Book on Blistering Changing
 67357 | Elf:3    | Found a deep blue altar of Sif Muna.
 67357 | Elf:3    | Identified the +4 spear "Ruxudwyg" {flame, SInv}
 67357 | Elf:3    | Identified the amulet "Lyiqolakh" {Acrobat +Blink Dex+2}
 67357 | Elf:3    | Identified the amulet "Plog" {RegenMP rF+ MR+}
 68374 | D:15     | Got a translucent hat
 68385 | D:15     | Identified the +0 hat "Oluir" {*Slow rN+ Dex+6} (You
                  | acquired it on level 15 of the Dungeon)
 68410 | Depths:1 | Entered Level 1 of the Depths
 68426 | Depths:1 | Found Gaacoas's Weapon Shoppe.
 68665 | Snake:2  | Bought a +6 amulet of reflection for 1053 gold pieces
 69044 | Depths:1 | Found a gateway to Hell.
 69904 | Depths:1 | Found a runed translucent door.
 70250 | Depths:2 | Reached XP level 25. HP: 153/154 MP: 27/27
 70417 | Depths:2 | Found Veamp's Distillery.
 70423 | Depths:2 | Found a shattered altar of Ashenzari.
 70438 | Depths:2 | Bought 2 potions of heal wounds for 120 gold pieces
 70438 | Depths:2 | Bought a potion of heal wounds for 60 gold pieces
 70438 | Depths:2 | Bought a potion of heal wounds for 60 gold pieces
 70438 | Depths:2 | Bought a potion of invisibility for 96 gold pieces
 70438 | Depths:2 | Found Weys's Gadget Shop.
 70602 | Depths:2 | Found a gateway to a ziggurat.
 71373 | Depths:3 | Noticed Frederick
 71552 | Depths:2 | Killed Frederick
 73047 | Depths:2 | Reached skill level 15 in Fighting
 73825 | Depths:3 | Identified the cursed +0 great sword of Painful Death
                  | {freeze, Str+4 Dex+3}
 74725 | Depths:3 | Found a one-way gate leading to the halls of Pandemonium.
 74750 | Depths:3 | Found Mevexis's Gadget Shoppe.
 74750 | Depths:3 | Found Huyviaj's Jewellery Shop.
 74751 | Depths:3 | Found Goveyrae's Gadget Shoppe.
 74975 | Depths:4 | Identified the +3 faerie dragon scales {rCorr Slay+3}
 74975 | Depths:4 | Noticed the Enchantress
 75015 | Depths:4 | Reached XP level 26. HP: 161/161 MP: 27/27
 75563 | Depths:4 | Killed the Enchantress
 76165 | Depths:4 | Found a one-way gate to the infinite horrors of the Abyss.
 76587 | Depths:5 | Entered Level 5 of the Depths
 77539 | Depths:5 | Paralysed by a lich for 7 turns
 77717 | Depths:5 | Noticed a juggernaut
 77734 | Depths:5 | Killed a juggernaut
 78710 | Depths:5 | Found a runed translucent gate.
 78710 | Depths:5 | Found a runed translucent gate.
 78710 | Depths:5 | Found a runed translucent gate.
 78726 | Depths:5 | Noticed Kyfaowk's ghost (adept SpEn)
 79014 | Depths:5 | Reached XP level 27. HP: 170/170 MP: 27/27
 79067 | Depths:5 | Killed Kyfaowk's ghost
 79286 | Depths:5 | Found a corrupted altar of Lugonu.
 79437 | Depths:5 | Found a gate to the Realm of Zot.
 79830 | Slime:1  | Entered Level 1 of the Pits of Slime
 80106 | Slime:2  | You fall through a shaft for 2 floors!
 80340 | Slime:2  | Gained mutation: You occasionally shout uncontrollably at
                  | your foes. [a shining eye]
 80355 | Slime:2  | Gained mutation: You are weak. (Str -2) [a shining eye]
 82527 | Slime:4  | Lost mutation: You expend magic power (3 MP) to strengthen
                  | your wands. [potion of mutation]
 82527 | Slime:4  | Lost mutation: You occasionally shout uncontrollably at
                  | your foes. [potion of mutation]
 82527 | Slime:4  | Gained mutation: You are resistant to hostile enchantments.
                  | (MR+) [potion of mutation]
 82536 | Slime:5  | Entered Level 5 of the Pits of Slime
 82572 | Slime:4  | Reached skill level 27 in Unarmed Combat
 82912 | Slime:5  | Gained mutation: You are very weak. (Str -4) [a shining
                  | eye]
 83036 | Slime:5  | Gained mutation: Armour fits poorly on your strangely
                  | shaped body. [a shining eye]
 83429 | Slime:5  | Found the +8 frozen axe "Frostbite" {freezing cloud, *Noise
                  | +Fly rC+}
 83431 | Slime:5  | Found a viscous altar of Jiyva.
 83433 | Slime:5  | Found the +2 ratskin cloak {+Rats rPois rN+ Str-1 Int-1
                  | Dex+1}
 83439 | Slime:5  | Gained mutation: Your magical capacity is low. (-10% MP) [a
                  | shining eye]
 84000 | Slime:5  | Noticed the Royal Jelly
 84710 | Slime:5  | Killed the Royal Jelly
 85385 | Slime:5  | Identified the Almanac of Blistering Sinister Arts
 85458 | Slime:5  | Identified An Early Guide to Secret Knowledge
 85466 | Slime:5  | Got a slimy rune of Zot
 85496 | Slime:5  | Got a slimy sapphire amulet
 85502 | Slime:5  | Identified Sif Muna's Guide on Unstable Air
 85512 | Slime:5  | Identified Sif Muna's Grimoire of Vitriolic Bewitchment
 85516 | Slime:5  | Identified the amulet of Yendor {Inacc -Tele rElec Int+2}
                  | (You found it on level 5 of the Pits of Slime)
 86040 | Zot:1    | Entered Level 1 of the Realm of Zot
 90036 | Zot:3    | Reached skill level 27 in Stealth
 91079 | Zot:3    | Found a transporter.
 91097 | Zot:3    | Found a transporter.
 92567 | Zot:4    | Found a runed translucent gate.
 92567 | Zot:4    | Found a runed translucent gate.
 92568 | Zot:4    | Found a runed translucent gate.
 92571 | Zot:4    | Found an opulent altar of Gozag.
 92572 | Zot:4    | Noticed mortress's ghost (legendary GrEE)
 92619 | Zot:4    | Noticed a Killer Klown
 92683 | Zot:4    | Killed a Killer Klown
 93177 | Zot:4    | Reached skill level 10 in Invocations
 93361 | Zot:5    | Entered Level 5 of the Realm of Zot
 94152 | Zot:5    | Noticed an orb of fire
 94152 | Zot:5    | Noticed a Killer Klown
 94152 | Zot:5    | Noticed an ancient lich
 94152 | Zot:5    | Noticed an orb of fire
 94162 | Zot:5    | Noticed an orb of fire
 94163 | Zot:5    | Noticed a Killer Klown
 94168 | Zot:5    | Gained mutation: You are clumsy. (Dex -2) [an orb of fire]
 94175 | Zot:5    | Gained mutation: You are frail. (-10% HP) [an orb of fire]
 95224 | Zot:5    | Killed an ancient lich
 95244 | Zot:5    | Noticed an orb of fire
 95281 | Zot:5    | Noticed an orb of fire
 95281 | Zot:5    | Noticed a Killer Klown
 95281 | Zot:5    | Noticed an ancient lich
 95284 | Zot:5    | Noticed an orb of fire
 95289 | Zot:5    | Gained mutation: You are very clumsy. (Dex -4) [an orb of
                  | fire]
 95301 | Zot:5    | Mangled by an Orb Guardian

Skill      XL: |  1  2  3  4  5  6  7  8  9 10 11 12 13 14 15 16 17 18 19 20 21 22 23 24 25 26 27 |
---------------+----------------------------------------------------------------------------------+-----
Dodging        | 4 5 7 9 10 12 13 14 15 16 17 18 19 20 21 22 | 22.4
Unarmed Combat | 4 5 7 9 12 13 14 15 17 18 19 20 21 22 23 24 25 26 27 | 27.0
Fighting       | 4 5 6 8 10 11 12 13 14 15 16 20 | 20.2
Evocations     | 4 6 |  6.1
Stealth        | 6 9 10 18 21 22 27 | 27.0
Shields        | 2 4 5 7 9 10 | 10.8
Armour         | 3 |  3.2
Invocations    | 5 13 | 13.5

Action                   |  1- 3 |  4- 6 |  7- 9 | 10-12 | 13-15 | 16-18 | 19-21 | 22-24 | 25-27 || total
-------------------------+-------+-------+-------+-------+-------+-------+-------+-------+-------++-------
Melee: Unarmed           |   151 |   391 |   201 |   985 |  1783 |  1341 |  2671 |  2040 |  3497 || 13060
       Punch             |     2 |     7 |     7 |   109 |   242 |    95 |       |       |       ||   462
       Scimitar          |       |       |       |       |    23 |     3 |       |       |       ||    26
Throw: Stone             |       |       |       |    33 |       |       |       |       |       ||    33
       Throwing net      |       |       |       |     3 |       |       |       |       |       ||     3
Evoke: Wand              |       |       |     3 |       |    16 |     6 |     5 |     2 |    80 ||   112
       Phantom mirror    |       |       |       |       |       |       |       |       |     2 ||     2
       Box of beasts     |       |       |       |       |       |       |       |       |     1 ||     1
  Use: Scroll            |       |     3 |     4 |    11 |    14 |    11 |     9 |    10 |    21 ||    83
       Potion            |       |     1 |       |       |     5 |     3 |     4 |     1 |    23 ||    37
 Stab: Sleeping          |     6 |     8 |     4 |    37 |    25 |    32 |    65 |    56 |    39 ||   272
       Distracted        |       |       |     1 |     4 |    10 |    13 |     9 |    11 |    20 ||    68
       Confused          |       |       |     8 |       |       |     3 |       |       |       ||    11
       Held in net/web   |       |       |       |     5 |       |       |       |       |       ||     5
       Paralysed         |       |       |       |       |       |     5 |       |       |       ||     5
  Eat: Chunk             |    11 |    11 |     7 |    49 |    50 |    25 |    37 |    43 |    39 ||   272
       Ration            |       |       |       |       |       |       |    11 |     1 |    23 ||    35
Armor: Robe              |    11 |     5 |       |       |       |       |       |       |       ||    16
       Skin              |       |    24 |       |       |       |       |       |       |       ||    24
       Leather armour    |       |    17 |    19 |     6 |       |       |       |       |       ||    42
       Steam dragon scal |       |       |       |    90 |   166 |   124 |   178 |   151 |    59 ||   768
       Acid dragon scale |       |       |       |       |       |       |       |       |   208 ||   208
Dodge: Dodged            |   130 |   307 |   224 |   913 |  2212 |  1288 |  2553 |  1449 |  2405 || 11481
Block: Buckler           |       |       |       |       |       |   258 |   953 |   636 |  2117 ||  3964
       Reflection        |       |       |       |       |       |       |       |    12 |    52 ||    64
       Rpst.: Scimitar   |       |       |       |       |     7 |     1 |       |       |       ||     8
